 Dungeon Crawl Stone Soup version 0.31-a0-167-g1c394c0614 (webtiles) character file.

Game seed: 10526108525679825497

16 qw the Shooter (level 2, 0/17 HPs)
             Began as a Gargoyle Hunter on June 14, 2023.
             Slain by an adder (2 damage)
             ... on level 2 of the Dungeon.
             The game lasted 00:00:13 (485 turns).

qw the Shooter (Gargoyle Hunter)                     Turns: 485, Time: 00:00:14

Health: 0/17       AC:  5    Str: 14    XL:     2   Next: 54%
Magic:  2/2        EV: 11    Int:  9    God:
Gold:   82         SH:  0    Dex: 13    Spells: 1/1 levels left

rFire   . . .        Y - +0 shortbow
rCold   . . .        (shield currently unavailable)
rNeg    + . .        c - +0 leather armour
rPois   inf          (no helmet)
rElec   +            (no cloak)
rCorr   .            (no gloves)
SInv    .            (no boots)
Will    .....        (no amulet)
Stlth   +            (no ring)
HPRegen 0.22/turn    (no ring)
MPRegen 0.08/turn

%: no passive effects
@: no status effects
A: sickness immunity, AC +2, negative energy resistance 1, electricity
resistance, torment resistance 1, petrification resistance
a: no special abilities


You were on level 2 of the Dungeon.
You visited 1 branch of the dungeon, and saw 2 of its levels.

You collected 82 gold pieces.


Innate Abilities, Weirdness & Mutations

You are immune to sickness and miasma.
Your stone body is resilient. (AC +2)
You are immune to poison.
You resist negative energy. (rN+)
You are resistant to electric shocks. (rElec)
You are resistant to unholy torment.
You are immune to petrification.


   Skills:
 - Level 2.1 Fighting
 + Level 4.6 Ranged Weapons
 - Level 1.5 Dodging
 - Level 1.1 Stealth


You had one spell level left.
You didn't know any spells.
Your spell library was empty.

Inventory:

Hand Weapons
 Y - a +0 shortbow (weapon)
Armour
 c - a +0 leather armour (worn)
Jewellery
 a - an amulet of regeneration
Potions
 d - a potion of cancellation {unknown}
 e - a potion of mutation {unknown}
 g - a potion of berserk rage {unknown}
 h - a potion of heal wounds {unknown}

Dungeon Overview and Level Annotations

Branches:
Dungeon (2/15)

Altars:


Message History

The adder barely misses you.
You shoot an arrow. The arrow closely misses the kobold.
The adder misses you. The kobold barely misses you.
You shoot an arrow. The arrow hits the kobold.
You kill the kobold!
The adder bites you. x2
The hobgoblin hits you but does no damage.
You shoot an arrow. The arrow barely misses the adder.
The adder closely misses you. The hobgoblin hits you. The adder bites you.
You shoot an arrow. The arrow closely misses the adder.
The hobgoblin hits you but does no damage.
The adder bites you.
You shoot an arrow.
The arrow hits the adder but does no damage.
The adder is lightly wounded.
The adder bites you but does no damage.
A jackal comes into view.
The hobgoblin hits you but does no damage.
The adder bites you.
You shoot an arrow. The arrow barely misses the adder.
The jackal barks!
You hear a shout!
The hobgoblin barely misses you. The adder bites you.
The hobgoblin barely misses you.
You shoot an arrow. The arrow closely misses the adder.
The adder closely misses you.
A goblin comes into view. It is wielding a +0 dagger.
The adder bites you.
The hobgoblin hits you but does no damage.
You shoot an arrow. The arrow barely misses the adder.
The adder barely misses you. The hobgoblin misses you.
You shoot an arrow. The arrow hits the adder.
The adder is lightly wounded.
The adder bites you but does no damage.
The jackal bites you but does no damage.
A jackal comes into view.
The hobgoblin misses you.
A jackal comes into view. x2
The adder bites you.
You die...

...hhh...#
.^......#
.......####
####..........
.............
#...........
#..gh.......
#...@.....[.
#....S......
#...........
###..........
#............
#.#.###+#####
#.#...
##.#####
#<.....#


You could see an adder, 4 jackals and a hobgoblin.

Vanquished Creatures
  A ball python (D:1)
  3 endoplasms
  2 goblins (D:1)
  A hobgoblin (D:1)
  3 kobolds
  5 rats
15 creatures vanquished.

Notes
Turn   | Place    | Note
-------+----------+-------------------------------------------
     0 | D:1      | qw the Gargoyle Hunter began the quest for the Orb.
     0 | D:1      | Reached XP level 1. HP: 12/12 MP: 1/1
     0 | D:1      | 0 ||| qw: Version: 0.2-a-29-g1fa15c8
     0 | D:1      | 0 ||| qw: Game counter: 5028
     0 | D:1      | 0 ||| qw: Always use a shield: true
     0 | D:1      | 0 ||| qw: God list: Okawaru
     0 | D:1      | 0 ||| qw: Allow faded altars: false
     0 | D:1      | 0 ||| qw: Do Orc after D:15 true
     0 | D:1      | 0 ||| qw: Do second Lair branch before Depths: true
     0 | D:1      | 0 ||| qw: Lair rune preference: random
     0 | D:1      | 0 ||| qw: Plans: Normal, Zot:1-4, Slime:5, God:TSO, Crypt,
                  | Tomb, Abyss, Pan, Hells, Win
     0 | D:1      | 0 ||| PLANNING D:1-11
    51 | D:1      | Found a faded altar of an unknown god.
    62 | D:1      | 62 ||| Stepping ~*~*~tactically~*~*~ (water).
   164 | D:1      | Reached XP level 2. HP: 17/17 MP: 2/2
   444 | D:1      | 444 ||| READING scroll labelled WOYPEN ZELUTET.
   445 | D:1      | 445 ||| READING scroll labelled ERAAFO ERAFU.
   446 | D:1      | 446 ||| DROPPING scroll of butterflies.
   483 | D:2      | HP: 1/17 [adder (4)]
   485 | D:2      | Slain by an adder

Levels and vault maps discovered:
D:1:      amcnicky_arrival_gap_in_the_tavern_cellar, layout_rooms,
          hellmonk_ecumenical_altar_pennies_from_heaven
D:2:      layout_basic

Action                     || total
---------------------------++-------
   Fire: Shortbow          ||    55
    Use: Scroll            ||     2
 Armour: Leather armour    ||    16
  Dodge: Dodged            ||    16

Table legend:
 A = Non-vault XP
 B = Vault XP
 C = Vault XP percentage of total XP
 D = Non-vault monster count
 E = Vault monster count
 F = Vault count percentage of total count
                 A         B        C        D         E       F
            +---------+---------+-------+---------+---------+-------
      Total |      23 |       0 |   0.0 |      15 |       0 |   0.0
            +---------+---------+-------+---------+---------+-------
        D:1 |      18 |       0 |   0.0 |      12 |       0 |   0.0
        D:2 |       5 |       0 |   0.0 |       3 |       0 |   0.0
            +---------+---------+-------+---------+---------+-------
